 Dungeon Crawl Stone Soup version 0.27-a0-906-g0a00ce863d (webtiles) character file.

Game seed: 7142645697348443220

293 jestyr24 the Conjurer (level 6, -1/42 HPs)
             Began as a Demonspawn Conjurer on Apr 7, 2021.
             Slain by Sigmund
             ... wielding a +0 scythe
              (3 damage)
             ... on level 4 of the Dungeon.
             The game lasted 00:19:59 (5105 turns).

jestyr24 the Conjurer (Demonspawn Conjurer)         Turns: 5105, Time: 00:19:59

Health: -1/42      AC:  8    Str: 14    XL:     6   Next: 11%
Magic:  4/11       EV: 12    Int: 21    God:
Gold:   158        SH:  0    Dex: 11    Spells: 8/11 levels left

rFire    . . .     SeeInvis .   s - +3 mace (vamp)
rCold    + . .     Faith    .   (no shield)
rNeg     . . .     Spirit   .   a - +0 robe
rPois    .         Reflect  .   i - +1 helmet
rElec    .         Harm     .   j - +0 cloak
rCorr    .         Rampage  .   (no gloves)
Will     .....                  o - +0 pair of boots
Stlth    ++........             (no amulet)
HPRegen  0.14/turn              c - ring of protection from cold
MPRegen  0.12/turn              r - +6 ring of strength

@: no status effects
A: talons 1, slimy green scales 1, foul stench 1
a: no special abilities


You were on level 4 of the Dungeon.
You visited 1 branch of the dungeon, and saw 4 of its levels.

You collected 158 gold pieces.

Inventory:

Hand Weapons
 b - a +0 dagger
 d - a +0 short sword
 s - a +3 vampiric mace (weapon)
 v - a +2 mace of venom
Missiles
 e - 89 stones
 q - 4 poisoned darts
Armour
 a - a +0 robe (worn)
 i - a +1 helmet (worn)
 j - a +0 cloak (worn)
 m - a +0 leather armour
 o - a +0 pair of boots (worn)
 p - a +0 cloak
Jewellery
 c - a ring of protection from cold (left hand)
 r - a +6 ring of strength (right hand)
Scrolls
 k - a scroll of enchant weapon
 l - a scroll of silence
 w - a scroll of teleportation {unknown}
Potions
 f - 2 potions of flight {unknown}
 g - 2 potions of invisibility {unknown}
 h - 2 potions of heal wounds
 n - 2 potions of cancellation {unknown}
 t - a potion of haste
 u - a potion of attraction {unknown}


   Skills:
 + Level 0.8 Fighting
 + Level 1.4 Maces & Flails
 + Level 3.0 Dodging
 + Level 2.2 Stealth
 + Level 3.3 Spellcasting
 + Level 5.4 Conjurations


You had 8 spell levels left.
You knew the following spells:

 Your Spells              Type           Power      Damage    Failure   Level
a - Magic Dart            Conj           100%       1d8       1%          1
c - Searing Ray           Conj           52%        3d5       1%          2

Your spell library contained the following spells:

 Spells                   Type           Power      Damage    Failure   Level
 Animate Skeleton         Necr           6%         N/A       13%         1
 Apportation              Tloc           6%         N/A       13%         1
 Corona                   Hex            3%         N/A       13%         1
 Summon Small Mammal      Summ           12%        N/A       13%         1
 Dazzling Flash           Conj/Hex       28%        N/A       13%         3
 Fulminant Prism          Conj/Hex       7%         3d7       38%         4
 Iskenderun's Mystic Bla  Conj/Tloc      14%        2d5       38%         4


Dungeon Overview and Level Annotations

Branches:
Dungeon (4/15)
 Temple: D:4-7

Altars:
Ashenzari

Annotations:
D:4 Sigmund


Innate Abilities, Weirdness & Mutations

You have sharp toenails.
You are partially covered in slimy green scales. (AC +2)
You may rarely emit foul miasma when damaged in melee.


Message History

Sigmund hits you from afar with a +0 scythe!
The kobold throws a stone.
The stone misses you. Sigmund barely misses you.
There is an open door here.
The kobold throws a stone.
The stone barely misses you.
Things that are here:
a +0 whip; a +0 whip; a gnoll corpse Sigmund says, "Look into my eyes."
Sigmund gestures at himself while chanting.
Sigmund flickers and vanishes!
Deactivating autopickup; reactivate with Ctrl-A.
Items here: )) [ ††.
Casting: Magic Dart (safe; 1% risk of failure)
Confirm with . or Enter, or press ? or * to list all spells.
Aiming: Searing Ray (safe; 1% risk of failure)
Press: ? - help, Shift-Dir - straight line, p - kobold The searing ray hits the kobold!
You kill the kobold!
The searing ray hits something! (Press . to maintain the ray.)
Something hits you.
Things that are here:
a +0 club; a +0 leather armour; a +0 hand axe
Casting: Searing Ray (safe; 1% risk of failure)
Confirm with . or Enter, or press ? or * to list all spells.
You can't see any susceptible monsters within range! (Use Z to cast anyway.) Unknown command.
Casting: Searing Ray (safe; 1% risk of failure)
Confirm with . or Enter, or press ? or * to list all spells.
Aiming: Searing Ray (safe; 1% risk of failure)
Press: ? - help, Shift-Dir - straight line The searing ray hits something. (Press . to maintain the ray.)
Something hits you! Something hits you but does no damage.
The searing ray hits something!
Something hits you. Something hits you!
* * * LOW HITPOINT WARNING * * *
Something hits you!
* * * LOW HITPOINT WARNING * * *
You finish channeling your searing ray.
Something hits you.
You die...

.....#....# .
.###.###### ..# #.##..
#.##... #####...##### #
≈≈≈≈≈#...# .
##...#...###############
.
.........')))@...>.....#
##......######.#.####.#
#..........##.#.# #.#
..#..........##.#.# #.#
..#..........##)#.# #.#
.........######.#.# #.#
.........# #.#.# #.#
.........# #.#.# #.#
#........# #.#.# #.#


There were no monsters in sight!

Vanquished Creatures
  Blork the orc (D:4)
  A gnoll shaman (D:4)
  An orc wizard (D:4)
  A howler monkey zombie (D:4)
  5 gnolls (D:4)
  An ufetubus (D:4)
  2 dart slugs (D:1)
  3 orcs (D:4)
  6 ball pythons
  7 bats
  15 endoplasms
  A giant cockroach (D:2)
  4 goblins
  10 hobgoblins
  8 jackals (D:1)
  12 kobolds
  3 quokkas
  4 frilled lizards
  9 rats
94 creatures vanquished.

Notes
Turn   | Place    | Note
-------+----------+-------------------------------------------
     0 | D:1      | jestyr24 the Demonspawn Conjurer began the quest for the
                  | Orb.
     0 | D:1      | Reached XP level 1. HP: 13/13 MP: 3/3
    30 | D:1      | Learned a level 1 spell: Summon Small Mammal
   281 | D:1      | Gained mutation: You are partially covered in slimy green
                  | scales. (AC +2) [demonic ancestry]
   281 | D:1      | Reached XP level 2. HP: 19/19 MP: 3/5
  1113 | D:1      | Gained mutation: You have sharp toenails. [demonic
                  | ancestry]
  1113 | D:1      | Reached XP level 3. HP: 21/24 MP: 0/6
  1798 | D:1      | Found a faded altar of an unknown god.
  2535 | D:2      | Reached XP level 4. HP: 30/30 MP: 3/7
  3128 | D:2      | Learned a level 2 spell: Searing Ray
  3237 | D:3      | Found a broken altar of Ashenzari.
  4410 | D:4      | Reached skill level 5 in Conjurations
  4579 | D:4      | Noticed Sigmund
  4692 | D:4      | Noticed Blork the orc
  4700 | D:4      | Killed Blork the orc
  4701 | D:4      | Reached skill level 1 in Maces & Flails
  4701 | D:4      | Reached XP level 5. HP: 24/36 MP: 2/9
  4969 | D:4      | Gained mutation: You may rarely emit foul miasma when
                  | damaged in melee. [demonic ancestry]
  4969 | D:4      | Reached XP level 6. HP: 41/42 MP: 0/11
  5104 | D:4      | HP: 2/42 [something (7)]
  5105 | D:4      | Slain by Sigmund

Illustrated notes

Levels and vault maps discovered:
D:1:      nicolae_arrival_memento_mori, layout_loops_ring,
          chequers_ecumenical_altar_twisty, minmay_hexomino_c4
D:2:      layout_loops_ring, minivault_19, minmay_3d_cube
D:3:      layout_loops_corners, lemuel_crystal_altar,
          hangedman_decor_peaks_small, kennysheep_generic_room_13
D:4:      wad_crossroads, layout_basic, serial_rivers,
          chequers_serial_rivers_micro_b, chequers_serial_rivers_room_b,
          chequers_serial_rivers_marsh, chequers_serial_rivers_small_3,
          chequers_serial_rivers_small_a, uniq_sigmund, uniq_blork_the_orc

Skill      XL: |  1  2  3  4  5 |
---------------+----------------+-----
Dodging        | 2 3 |  3.0
Stealth        | 2 |  2.2
Conjurations   | 5 |  5.4
Maces & Flails | 1 |  1.4
Spellcasting   | 3 |  3.3
Fighting       | |  0.8

Action                   |  1- 3 |  4- 6 || total
-------------------------+-------+-------++-------
Melee: Dagger            |    50 |       ||    50
       Mace              |     5 |    24 ||    29
       Kick              |     2 |     1 ||     3
 Cast: Magic Dart        |   100 |    58 ||   158
       Summon Small Mamm |     1 |       ||     1
       Searing Ray       |       |    11 ||    11
  Use: Scroll            |     5 |     6 ||    11
Armor: Robe              |    22 |    17 ||    39
Dodge: Dodged            |    54 |    40 ||    94

Table legend: (Time is in decaauts)
 A = Elapsed time spent in this place.
 B = Non-inter-level travel time spent in this place.
 C = Inter-level travel time spent in this place.
 D = Time resting spent in this place.
 E = Time spent auto-exploring this place.
 F = Levels seen in this place.
 G = Mean time per level.
                   A        B        C        D        E       F      G
               +--------+--------+--------+--------+--------+-----+--------+
         Total |   5115 |   5049 |     66 |   1463 |   2832 |   4 | 1278.8 |
       Dungeon |   5115 |   5049 |     66 |   1463 |   2832 |   4 | 1278.8 |
               +--------+--------+--------+--------+--------+-----+--------+

Top non-repeatable levels by time:
     D:1: 1891 daAuts
     D:2: 1240 daAuts
     D:3: 1177 daAuts
     D:4: 806 daAuts
